 Dungeon Crawl Stone Soup version 0.19-a0-503-g45a6586 (webtiles) character file.

5665 Geppetto the Unseen (level 10, -2/49 HPs)
             Began as a Felid Monk on June 5, 2016.
             Slain by Gastronok (30 damage)
             ... on level 3 of the Lair of Beasts.
             The game lasted 00:48:45 (13915 turns).

Geppetto the Unseen (Felid Monk)                   Turns: 13915, Time: 00:48:45

Health: -2/49      AC:  3    Str: 22    XL:     10   Next: 47%
Magic:  15/15      EV: 28    Int:  7    God:
Gold:   597        SH:  0    Dex: 21    Spells: 0 memorised, 9 levels left
                                        Lives:  0   Deaths: 2

rFire  + . .     SeeInvis +       - Unarmed
rCold  + . .     Gourm    .     (armour unavailable)
rNeg   . . .     Faith    .     (shield unavailable)
rPois  +         Spirit   .     (helmet unavailable)
rElec  .         Dismiss  .     (cloak unavailable)
rCorr  .         Reflect  .     (gloves unavailable)
SustAt .         Harm     .     (boots unavailable)
MR     ++...                    (no amulet)
Stlth  ++++++++..               b - ring of poison resistance
                                e - ring "Nyunion" {Fire Str+8 Int-4}

@: mighty, very slightly contaminated, invisible, quick, very resistant to
hostile enchantments, extraordinarily stealthy
A: no armour, no weapons or thrown items, antennae 1, claws 1, fangs 3, see
invisible, blink, carnivore 3, cold resistance 1, dopey 1, speed 1, magic
resistance 1, shaggy fur 3, slow metabolism 1, strong 1, sharp paws
a: Blink


You were on level 3 of the Lair of Beasts.
You were very full.

You visited 3 branches of the dungeon, and saw 13 of its levels.

You collected 597 gold pieces.

Inventory:

Jewellery
 b - a ring of poison resistance (right paw)
 e - the ring "Nyunion" (left paw) {Fire Str+8 Int-4}
   (You found it on level 6 of the Dungeon)

   [ring of fire]

   It enhances your fire magic, and weakens your ice magic.
   It affects your strength (+8).
   It affects your intelligence (-4).
   It protects you from fire.
   It makes you vulnerable to cold.
 g - an uncursed ring of flight
 k - an uncursed ring of sustain attributes
 n - an uncursed ring of resist corrosion
Wands
 i - a wand of random effects (0/48)
 u - a wand of paralysis (8/24)
 y - a wand of random effects (0/48)
 A - a wand of random effects (11/48)
Scrolls
 j - a scroll of holy word {unknown}
 p - a scroll of fog
 s - 2 scrolls of recharging
 z - 2 scrolls of amnesia
 B - 3 scrolls of remove curse
 C - a scroll of torment {unknown}
 D - a scroll of magic mapping {unknown}
Potions
 h - a potion of cure mutation
 o - a potion of berserk rage {unknown}
 q - 4 potions of ambrosia {unknown}
 r - 2 potions of magic {unknown}
 v - 3 potions of lignification {unknown}
 w - a potion of might
Books
 d - a book of Enchantments

   Spells                             Type                      Level
   a - Cause Fear                     Hexes                        4
   b - Yara's Violent Unravelling     Hexes/Transmutation          5
   c - Silence                        Hexes/Air                    5
   d - Deflect Missiles               Charms/Air                   6
   e - Haste                          Charms                       6
   f - Discord                        Hexes                        8
Comestibles
 a - 8 meat rations
 c - 3 beef jerkies


   Skills:
 - Level 8.5 Fighting
 + Level 10.5 Dodging
 + Level 15.4 Stealth
 - Level 9.0 Unarmed Combat
 * Level 5.8 Evocations


You had 9 spell levels left.
You didn't know any spells.

Dungeon Overview and Level Annotations

Branches:
Dungeon (9/15)             Temple (1/1) D:4            Lair (3/8) D:9
  Swamp: Lair:3-6    Shoals: Lair:3-6     Snake: Lair:3-6    Spider: Lair:3-6
    Orc: D:9-12

Altars:
Ashenzari
Cheibriados
Dithmenos
Elyvilon
Fedhas
Gozag
Hepliaklqana
Kikubaaqudgha
Makhleb
Nemelex Xobeh
Okawaru
Pakellas
Qazlal
Ru
Sif Muna
Trog
Uskayaw
Vehumet
Xom
Yredelemnul
Zin
The Shining One

Shops:
D:7 (

Annotations:
D:3 tyrsky's ghost, amateur HuAK
Lair:3 Gastronok


Innate Abilities, Weirdness & Mutations

You cannot wear armour.
You are incapable of wielding weapons or throwing items.
You have sharp claws.
You have razor-sharp teeth.
You have supernaturally acute eyesight. (SInv)
You are carnivorous and can eat meat at any time.
You cover ground quickly.
Your thick and shaggy fur keeps you warm. (AC +3, rC+)
You have a slow metabolism.
Your sharp claws are effective at attacking unaware monsters.
You have a pair of small antennae on your head.
You can translocate small distances at will.
Your flesh is cold resistant. (rC+)
You are dopey. (Int -2)
You are resistant to hostile enchantments. (MR+)
Your muscles are strong. (Str +2)


Message History

The river rat is almost dead.
The river rat closely misses you.
Gastronok makes a strange noise.
You claw the river rat!
You kill the river rat!
You feel very mighty all of a sudden.
You fade into invisibility!
You are very lightly contaminated with residual magic.
Gastronok waves his eye-stalks in wide circles.
The air twists around and strikes you! Gastronok barely misses you.
You mangle Gastronok!!
Gastronok is lightly wounded.
You claw Gastronok! You bite Gastronok.
Gastronok is moderately wounded.
You completely miss Gastronok. You bite Gastronok.
Gastronok is moderately wounded.
Gastronok bites you!!
Ouch! That really hurt!
You die...

.. .........#
............
...#P....##......#### .
.F..............†#P.# .
........P..#.....##†#
.##.....P.###........##
#.#....).###.......#..#
..#.......#..../...####
...............w@..#.
...<................#
F.................#.#
....................#
..................###
..##...........#..P#
...#...............#
#.##..#%.........###
..#....#....##P###


You could see Gastronok.

Vanquished Creatures
  Harold (Lair:1)
  Pikel (D:8)
  Psyche (D:8)
  4 spiny frogs
  3 rime drakes
  A troll (D:9)
  3 blink frogs (Lair:3)
  A basilisk (Lair:2)
  A wyvern (Lair:2)
  4 yaks
  A hungry ghost (D:8)
  Grum (D:8)
  3 hippogriffs (D:8)
  Menkaure (D:7)
  A naga (D:9)
  A water moccasin (D:7)
  4 porcupines
  A sky beast (D:5)
  4 slaves
  6 ice beasts
  3 phantoms (D:8)
  3 ogres
  2 centaurs
  10 wolves
  3 crocodiles
  2 big kobolds
  8 giant frogs
  2 scorpions
  A water moccasin skeleton (D:5)
  9 killer bees
  2 howler monkeys (D:8)
  5 crimson imps
  A giant frog skeleton (D:8)
  2 jellies
  A gnoll shaman (D:7)
  3 orc priests
  A hound (D:8)
  11 orc wizards
  4 iguanas
  Terence (D:3)
  7 worker ants
  2 hound zombies
  A hound skeleton (D:5)
  A worker ant zombie (D:8)
  8 gnolls
  14 adders
  5 river rats (Lair:3)
  4 shadow imps
  An ooze (D:7)
  An adder skeleton (D:5)
  3 worms
  2 dart slugs
  6 giant geckos
  33 orcs
  7 bats
  2 giant cockroaches
  2 gnoll zombies (D:3)
  3 goblins
  4 hobgoblins
  2 jackals (D:2)
  3 quokkas
  4 giant newts
  27 kobolds
  A quokka zombie (D:5)
  23 rats
283 creatures vanquished.

Vanquished Creatures (others)
  A fungus (Lair:2)
  15 plants (D:9)
16 creatures vanquished.

Grand Total: 299 creatures vanquished

Notes
Turn   | Place    | Note
--------------------------------------------------------------
     0 | D:1      | Geppetto the Felid Monk began the quest for the Orb.
     0 | D:1      | Reached XP level 1. HP: 10/10 MP: 2/2
   262 | D:1      | Reached XP level 2. HP: 14/14 MP: 3/3
   679 | D:2      | Found a faded altar of an unknown god.
   698 | D:2      | Reached XP level 3. HP: 16/17 MP: 4/4
   769 | D:2      | Reached skill level 3 in Stealth
   769 | D:2      | Reached skill level 5 in Unarmed Combat
  1003 | D:2      | Gained mutation: You can translocate small distances at will. [potion of mutation]
  1003 | D:2      | Gained mutation: You are covered in thick fur. (AC +2) [potion of mutation]
  1003 | D:2      | Gained mutation: You have a pair of small antennae on your head. [potion of mutation]
  1170 | D:2      | You fall through a shaft!
  1215 | D:3      | Found an iron altar of Okawaru.
  1426 | D:2      | Reached XP level 4. HP: 21/21 MP: 5/5
  1653 | D:3      | Noticed Terence
  1675 | D:3      | Noticed tyrsky's ghost (amateur HuAK)
  1890 | D:3      | Killed Terence
  1890 | D:3      | Reached skill level 4 in Stealth
  1960 | D:3      | Found a basalt altar of Yredelemnul.
  2182 | D:4      | Reached XP level 5. HP: 3/25 MP: 6/6
  2467 | D:4      | Found a snail-covered altar of Cheibriados.
  2469 | D:4      | Reached skill level 5 in Stealth
  2746 | D:4      | Reached skill level 6 in Stealth
  2781 | D:4      | Gained mutation: Your thick and shaggy fur keeps you warm. (AC +3, rC+) [Felid growth]
  2781 | D:4      | Reached XP level 6. HP: 15/28 MP: 7/7
  3452 | D:4      | Reached skill level 7 in Stealth
  3871 | D:4      | Found a staircase to the Ecumenical Temple.
  3880 | Temple   | Entered the Ecumenical Temple
  4138 | D:4      | Found a deep blue altar of Sif Muna.
  4168 | D:5      | Entered Level 5 of the Dungeon
  4168 | D:5      | Noticed a sky beast
  4191 | D:5      | Killed a sky beast
  4191 | D:5      | Reached skill level 5 in Fighting
  4199 | D:5      | Noticed an ice beast
  4201 | D:5      | Reached XP level 7. HP: 16/33 MP: 8/8
  4207 | D:5      | Reached skill level 8 in Stealth
  4690 | D:5      | Found a glowing golden altar of the Shining One.
  4702 | D:5      | You fall through a shaft for 2 floors!
  4760 | D:7      | Noticed Menkaure
  4782 | D:7      | Reached skill level 9 in Stealth
  5194 | D:5      | Reached skill level 5 in Dodging
  5194 | D:5      | Reached XP level 8. HP: 24/38 MP: 9/9
  5579 | D:5      | Found a glowing silver altar of Zin.
  5579 | D:5      | Found a radiant altar of Vehumet.
  5587 | D:5      | Found a sacrificial altar of Ru.
  6233 | D:6      | Got a warped wooden ring
  6238 | D:6      | Identified the ring "Nyunion" {Fire Str+8 Int-4} (You found it on level 6 of the Dungeon)
  6276 | D:6      | Reached skill level 10 in Stealth
  6297 | D:6      | Gained mutation: Your flesh is cold resistant. (rC+) [potion of mutation]
  6297 | D:6      | Gained mutation: You are resistant to hostile enchantments. (MR+) [potion of mutation]
  6297 | D:6      | Gained mutation: You are weak. (Str -2) [potion of mutation]
  6298 | D:6      | Lost mutation: You are weak. (Str -2) [potion of mutation]
  6298 | D:6      | Gained mutation: You are dopey. (Int -2) [potion of mutation]
  6298 | D:6      | Gained mutation: Your muscles are strong. (Str +2) [potion of mutation]
  6601 | D:6      | Found an iron altar of Okawaru.
  6638 | D:6      | Reached skill level 11 in Stealth
  6891 | D:7      | Killed Menkaure
  7052 | D:7      | Found an opulent altar of Gozag.
  7165 | D:7      | Found a hazy altar of Hepliaklqana.
  7223 | D:7      | Found Hamnesmi's Antique Weapon Shoppe.
  7227 | D:7      | Reached skill level 12 in Stealth
  7337 | D:7      | Reached XP level 9. HP: 41/41 MP: 10/10
  7794 | D:8      | Noticed Psyche
  7794 | D:8      | Noticed Pikel
  8111 | D:8      | HP: 2/41 [hippogriff (6)]
  8811 | D:8      | Reached skill level 13 in Stealth
  8824 | D:8      | Noticed Grum
  8906 | D:8      | Noticed a white ugly thing
  8909 | D:8      | Killed Psyche
  9292 | D:8      | Killed Grum
  9386 | D:8      | Reached XP level 10. HP: 39/47 MP: 11/11
 10034 | D:8      | Killed Pikel
 10282 | D:9      | Reached skill level 14 in Stealth
 12380 | D:9      | Slain by a troll
 12381 | D:9      | Reached XP level 9. HP: -2/44 MP: 10/10
 12396 | D:9      | Found a staircase to the Lair.
 12406 | Lair:1   | Entered Level 1 of the Lair of Beasts
 12406 | Lair:1   | Noticed a spiny frog
 12407 | Lair:1   | Killed a spiny frog
 12423 | Lair:1   | Noticed Harold
 12430 | Lair:1   | Killed Harold
 12430 | Lair:1   | Reached XP level 10. HP: 49/49 MP: 11/11
 12625 | Lair:1   | Reached skill level 1 in Evocations
 12684 | Lair:1   | You fall through a shaft!
 12687 | Lair:2   | Noticed a spiny frog
 12695 | Lair:2   | Killed a spiny frog
 12764 | Lair:2   | Slain by a yak
 12765 | Lair:2   | Reached XP level 9. HP: -3/45 MP: 12/12
 12928 | Lair:2   | Noticed a spiny frog
 12942 | Lair:2   | Reached skill level 10 in Dodging
 13003 | Lair:2   | Reached skill level 15 in Stealth
 13121 | Lair:2   | Noticed a black mamba
 13148 | Lair:3   | Noticed a komodo dragon
 13151 | Lair:3   | Noticed a rime drake
 13259 | Lair:2   | Noticed a five-headed hydra
 13262 | Lair:3   | Noticed a spiny frog
 13262 | Lair:3   | Noticed a spiny frog
 13265 | Lair:3   | Killed a spiny frog
 13270 | Lair:3   | Killed a spiny frog
 13270 | Lair:3   | Reached XP level 10. HP: 21/49 MP: 12/14
 13469 | Lair:3   | Reached skill level 5 in Evocations
 13512 | Lair:3   | HP: 2/49 [blink frog (11)]
 13880 | Lair:3   | Noticed Gastronok
 13915 | Lair:3   | Slain by Gastronok

Vault maps used:
D:1:      evilmike_arrival_crescent, minmay_fountain_box
D:2:      ecumenical_altar_1
D:3:      lemuel_zombie_altar_yredelemnul, eino_tiny_chamber,
          okawaru_gym_becter, uniq_terence
D:4:      kennysheep_mini, lemuel_round_altar, minmay_temple_entry_trees,
          first_bread, minmay_rat_hole
D:5:      lemuel_doored_altar, gammafunk_temple_overflow_wave,
          nicolae_tso_carved_into_rock
D:6:      kennysheep_mini_moat
D:7:      nicolae_gozag_cash_rules_everything_around_me,
          lemuel_coloured_pillars_altar, serial_shops, shop, uniq_menkaure
D:8:      hex_tiny, uniq_grum, uniq_psyche, uniq_pikel
D:9:      david_lair_shrubbed, st_stairs_1
Temple:   circular_temple_pool_12
Lair:1:   grunt_megastairs_1, uniq_harold
Lair:2:   st_stairs_11, uniq_fannar
Lair:3:   minmay_snake_entry_guardpost_medium, uniq_gastronok

Skill      XL: |  1  2  3  4  5  6  7  8  9 10 |
---------------+-------------------------------+-----
Stealth        | 3 4 6 7 9 12 15 14 | 15.4
Unarmed Combat | 5 6 9 8 |  9.0
Fighting       | 4 5 6 7 8 |  8.5
Dodging        | 5 6 10 8 | 10.5
Evocations     | 4 5 |  5.8

Action                   |  1- 3 |  4- 6 |  7- 9 | 10-12 || total
-------------------------+-------+-------+-------+-------++-------
Melee: Unarmed           |    85 |   164 |   411 |   289 ||   949
       Punch             |     4 |     3 |    15 |    15 ||    37
       Bite              |     7 |    14 |    66 |    49 ||   136
Evoke: Wand              |       |       |     2 |    14 ||    16
  Use: Scroll            |     9 |     3 |     9 |     1 ||    22
       Potion            |     1 |     4 |     9 |     9 ||    23
 Stab: Sleeping          |     9 |    14 |    32 |     8 ||    63
       Distracted        |     1 |     1 |     2 |     6 ||    10
       Confused          |       |       |       |     1 ||     1
       Paralysed         |       |       |       |     1 ||     1
  Eat: Chunk             |     8 |     6 |    13 |    17 ||    44
Armor: Skin              |     7 |     9 |    17 |     9 ||    42
Dodge: Dodged            |    58 |    96 |   358 |   243 ||   755
